 Dungeon Crawl Stone Soup version 0.23-a0-295-g2e428d4 (webtiles) character file.

9 Amnesiac the Magician (level 2, -1/19 HPs)
             Began as a Mummy Wizard on Oct 4, 2018.
             Slain by an adder (4 damage)
             ... on level 2 of the Dungeon.
             The game lasted 00:01:06 (354 turns).

Amnesiac the Magician (Mummy Wizard)                 Turns: 354, Time: 00:01:06

Health: -1/19      AC:  2    Str: 10    XL:     2   Next: 3%
Magic:  0/7        EV: 12    Int: 17    God:
Gold:   5          SH:  0    Dex: 10    Spells: 5/10 levels left

rFire    x . .     SeeInvis .   (no weapon)
rCold    + . .     Gourm    .   (no shield)
rNeg     + + +     Faith    .   a - +0 robe
rPois    ∞         Spirit   +   b - +0 hat
rElec    .         Reflect  .   (no cloak)
rCorr    .         Harm     .   (no gloves)
MR       .....                  (no boots)
Stlth    ++........             d - amulet of guardian spirit
HPRegen  0.06/turn              (no ring)
MPRegen  0.10/turn              (no ring)

@: no status effects
A: no food or potions, fire vulnerability, cold resistance 1, negative energy
resistance 3, torment resistance, unbreathing
a: no special abilities


You were on level 2 of the Dungeon.
You were not hungry.

You visited 1 branch of the dungeon, and saw 2 of its levels.

You collected 5 gold pieces.

Inventory:

Armour
 a - a +0 robe (worn)
 b - a +0 hat (worn)
Jewellery
 d - an amulet of guardian spirit (around neck)
Scrolls
 c - a scroll of teleportation {!r, unknown}


   Skills:
 - Level 1.5 Dodging
 - Level 1.5 Stealth
 + Level 4.7 Spellcasting
 - Level 0.7 Conjurations
 - Level 0.7 Summonings
 - Level 0.7 Translocations


You had 5 spell levels left.
You knew the following spells:

 Your Spells              Type           Power        Failure   Level  Hunger
a - Magic Dart            Conj           #...         11%         1    N/A
b - Call Imp              Summ           #.......     17%         2    N/A
v - Blink                 Tloc           N/A          17%         2    N/A

Your spell library contained the following spells:

 Spells                   Type           Power        Failure   Level  Hunger
 Slow                     Hex            #.......     22%         2    N/A
 Conjure Flame            Conj/Fire      #.......     36%         3    N/A
 Mephitic Cloud           Conj/Pois/Air  #.......     38%         3    N/A

Dungeon Overview and Level Annotations

Branches:
Dungeon (2/15)

Altars:
Ru

Annotations:
D:2 Robin


Innate Abilities, Weirdness & Mutations

You do not eat or drink.
Your flesh is vulnerable to fire.
You are immune to poison.
Your flesh is cold resistant. (rC+)
You are immune to negative energy. (rN+++)
You are immune to unholy pain and torment.
You can survive without breathing.


Message History

A goblin is nearby!
Casting: Magic Dart (safe; 11% risk of failure)
Confirm with . or Enter, or press ? or * to list all spells.
Aiming: Magic Dart (safe; 11% risk of failure)
Press: ? - help, Shift-Dir - straight line, f - goblin
Aim: a goblin The magic dart hits the goblin.
You kill the goblin!
You have reached level 2!
Memorise Blink, consuming 2 spell levels and leaving 7?
You start memorising the spell.
You continue memorising. x2
You finish memorising.
Spell assigned to 'v'.
Memorise Call Imp, consuming 2 spell levels and leaving 5?
You start memorising the spell.
You continue memorising. x2
You finish memorising.
Spell assigned to 'b'.
There is an escape hatch in the floor here.
You slide downwards.
The hatch slams shut behind you.
Level annotation: Robin An adder comes into view.
You see here a scroll labeled ISHUKHAAZO {!r}.
Casting: Magic Dart (safe; 11% risk of failure)
Confirm with . or Enter, or press ? or * to list all spells.
You miscast Call Imp.
You are very lightly contaminated with residual magic.
Nothing appears to happen.
Casting: Call Imp (safe; 17% risk of failure)
Confirm with . or Enter, or press ? or * to list all spells.
A beastly little devil appears in a puff of flame.
The adder bites you. The adder misses you.
The dart slug launches a dart at you. The slug dart hits you!
Your crimson imp blinks!
You see here a square bronze amulet.
d - a square bronze amulet The adder closely misses you.
Put on which piece of jewellery? (? for menu, Esc to quit)
You feel your power drawn to a protective spirit.
d - an amulet of guardian spirit (around neck)
The adder bites you.
Casting: Call Imp (safe; 17% risk of failure)
Confirm with . or Enter, or press ? or * to list all spells.
You don't have enough magic to cast that spell.
The adder bites you.
* * * LOW HITPOINT WARNING * * *
The adder barely misses you. The adder bites you.
* * * LOW HITPOINT WARNING * * *
Your crimson imp blinks!
The dart slug launches a dart at you. The slug dart misses you.
The adder bites you but does no damage.
Your crimson imp blinks!
A rat comes into view.
The adder bites you.
* * * LOW HITPOINT WARNING * * *
Found a stone staircase leading up.
Your magical contamination has completely faded away.
A rat comes into view.
The adder bites you.
* * * LOW HITPOINT WARNING * * *
The adder closely misses you.
There is a stone staircase leading up here.
The adder bites you.
You die...

w.....# #. #.#.# ......#
#.# #.#.# ......# #..
#.#.# #
......#.###.###.#.##.#
..§...#..............#
......######.##.#.#######
####..............r......
##########.#.#S######
#....@........
#.............
###..######### #....
#.#.## #.#. # #. #.


You could see an adder and a rat.

Vanquished Creatures
  A dart slug (D:1)
  A leopard gecko (D:2)
  A bat (D:1)
  2 goblins (D:1)
5 creatures vanquished.

Notes
Turn   | Place    | Note
-------+----------+-------------------------------------------
     0 | D:1      | Amnesiac the Mummy Wizard began the quest for the Orb.
     0 | D:1      | Reached XP level 1. HP: 13/13 MP: 5/5
   101 | D:2      | Found a sacrificial altar of Ru.
   124 | D:2      | Noticed Robin
   308 | D:1      | Reached XP level 2. HP: 19/19 MP: 5/7
   312 | D:1      | Learned a level 2 spell: Blink
   315 | D:1      | Learned a level 2 spell: Call Imp
   354 | D:2      | Slain by an adder

Vault maps used:
D:1:      giann_wishing_wells, serial_forest, infiniplex_forest_lined_3,
          infiniplex_forest_clump_curved, infiniplex_forest_diagonal,
          infiniplex_forest_clump_diagonal, infiniplex_forest_lined_room_3,
          infiniplex_forest_clump_medium, infiniplex_forest_clump_large,
          infiniplex_forest_lined_2, infiniplex_forest_clump_diagonal,
          moated_statue
D:2:      nicolae_overflow_hidden_temple, kennysheep_jessica_study, uniq_robin,
          uniq_sigmund

Action                   || total
-------------------------++-------
 Cast: Magic Dart        ||    12
       Call Imp          ||     1
Armor: Robe              ||     3
Dodge: Dodged            ||    10

Table legend:
 A = Non-vault XP
 B = Vault XP
 C = Vault XP percentage of total XP
 D = Non-vault monster count
 E = Vault monster count
 F = Vault count percentage of total count
                 A         B        C        D         E       F
            +---------+---------+-------+---------+---------+-------
      Total |      13 |       0 |   0.0 |       5 |       0 |   0.0
            +---------+---------+-------+---------+---------+-------
        D:1 |      10 |       0 |   0.0 |       4 |       0 |   0.0
        D:2 |       3 |       0 |   0.0 |       1 |       0 |   0.0
            +---------+---------+-------+---------+---------+-------
